 Dungeon Crawl Stone Soup version 0.29.1-12-g30fa7ad0bf (webtiles) character file.

Game seed: 16497861269893123354

1101 hawla the Chiller (level 8, -8/49 (58) HPs)
             Began as a Meteoran Ice Elementalist on Dec 26, 2022.
             Was a Follower of Vehumet.
             Mangled by a wight
             ... wielding a +2 halberd
              (14 damage)
             ... on level 8 of the Dungeon.
             The game lasted 00:12:24 (1508 turns).

hawla the Chiller (Meteoran Ice Elementalist)       Turns: 1508, Time: 00:12:26

HP:   -8/49 (58)    AC:  4    Str: 10    XL:     8   Next: 88%
MP:   18/18         EV: 13    Int: 19    God:    Vehumet [*.....]
Gold: 189           SH:  0    Dex: 14    Spells: 12/20 levels left

rFire   . . .      SeeInvis .   (no weapon)
rCold   . . .      Faith    .   (no shield)
rNeg    . . .      Spirit   .   a - +0 robe
rPois   .          Reflect  .   c - +0 helmet
rElec   .          Harm     .   l - +0 cloak
rCorr   .          Rampage  .   (no gloves)
Will    +....                   (no boots)
Stlth   +.........              (no amulet)
HPRegen 0.16/turn               (no ring)
MPRegen 0.16/turn               (no ring)

@: mighty, glowing, heavily drained
A: sense surroundings 1, otherworldly, glowing, explore regen
a: Renounce Religion


You were on level 8 of the Dungeon.
You worshipped Vehumet.
Vehumet was aware of your devotion.
You visited 1 branch of the dungeon, and saw 8 of its levels.

You collected 189 gold pieces.

Inventory:

Armour
 a - a +0 robe (worn)
 c - a +0 helmet (worn)
 l - a +0 cloak (worn)
Wands
 h - a wand of paralysis (13) (quivered)
 n - a wand of flame (17)
Scrolls
 e - 2 scrolls of poison
 m - a scroll of fear
Potions
 b - 2 potions of magic
 f - a potion of curing
 g - 2 potions of might
 i - a potion of ambrosia
 j - 2 potions of attraction {unknown}
 k - a potion of resistance


   Skills:
 + Level 0.7 Fighting
 + Level 3.6 Dodging
 - Level 1.4 Stealth
 + Level 6.6 Spellcasting
 + Level 5.2 Conjurations
 + Level 7.3 Ice Magic
 + Level 3.3 Evocations


You had 12 spell levels left.
You knew the following spells:

 Your Spells              Type           Power      Damage    Failure   Level
a - Freeze                Ice            100%       1d11      1%          1
b - Frozen Ramparts       Ice            68%        1d11      1%          3
c - Hailstorm             Conj/Ice       30%        3d8       8%          4

Your spell library contained the following spells:

 Spells                   Type           Power      Damage    Failure   Level
 Foxfire                  Conj/Fire      64%        2x1d7     3%          1
 Ozocubu's Armour         Ice            34%        N/A       1%          3
 Shock                    Conj/Air       64%        1d7       3%          1
 Sublimation of Blood     Necr           6%         N/A       16%         2
 Wereblood                Tmut           6%         N/A       16%         2
 Swiftness                Air            6%         N/A       32%         3
 Airstrike                Air            3%         2d(1-17)  71%         4
 Ozocubu's Refrigeration  Ice            17%        4d11      99%         7
 Summon Hydra             Summ           3%         N/A       100%        7


Dungeon Overview and Level Annotations

Branches:
Dungeon (8/15) Zot: 3293   Temple (0/1) D:7
   Lair: D:8-11

Altars:
Sif Muna
Vehumet
Yredelemnul

Shops:
D:2 :


Innate Abilities, Weirdness & Mutations

You passively map a small area around you.
You are easily found by Zot.
You glow in the dark.
You regain HP and MP as you explore.


Message History

Casting: Hailstorm (dangerous; 8% risk of failure)
Press: ? - help, Dir - look around, f - activate A cannonade of hail descends around you!
The hail pelts the wight!
The wight partially resists.
The wight is almost destroyed.
The hail pelts the wight!
The wight partially resists.
The wight is severely damaged.
The wight misses you.
Casting: Hailstorm (dangerous; 8% risk of failure)
Confirm with . or Enter, or press ? or * to list all spells.
Casting: Hailstorm (dangerous; 8% risk of failure)
Press: ? - help, Dir - look around, f - activate A cannonade of hail descends around you!
The hail pelts the wight.
The wight partially resists.
The wight is almost destroyed.
The wight hits you but does no damage. The wight hits you with a +2 falchion!
You feel drained. The wight barely misses you.
Casting: Hailstorm (dangerous; 8% risk of failure)
Confirm with . or Enter, or press ? or * to list all spells.
You don't have enough magic to cast this spell.
Magic courses through your body.
The wight hits you from afar with a +2 halberd.
You feel drained. The wight hits you with a +2 falchion!
You feel drained.
The wight hits you with a +0 morningstar.
You feel drained.
* * * LOW HITPOINT WARNING * * *
It was a potion of might.
You feel very mighty all of a sudden. The wight barely misses you.
The wight closely misses you.
The wight hits you with a +0 morningstar!
* * * LOW HITPOINT WARNING * * *
You feel drained.
* * * LOW HITPOINT WARNING * * *
Okay, then.
Aiming: Paralyse
Press: ? - help, Shift-Dir - straight line, f - wight
Aim: a wight, wielding a +0 morningstar and wearing a +0 robe (heavily damaged, chance to affect: 57%)
The wight suddenly stops moving!
The wight hits you from afar with a +2 halberd!
You die...

.###.## #.# #.# *,
..#...#######.# ########.#
..............####........#####.#
#......########....######(.......
..##.##.# #..... ,* #.#####.#
#..###.## #....## * #.# #.#.#.##
##....##.###.# <.##.##
#.....##.....## ** ######
#..@z.#####...# #..zz.........###
##z..####.......#
##..).##.......# #....##...ยง...#
###....##.......#
#............=..#
#...............#
#...............#


You could see 4 wights.

Vanquished Creatures
  2 water moccasins
  An ice beast (D:8)
  A bullfrog (D:8)
  2 necrophages (D:7)
  A scorpion (D:4)
  2 wights (D:8)
  4 killer bees (D:7)
  A howler monkey (D:7)
  A hound (D:6)
  A jelly (D:7)
  An iguana (D:7)
  Natasha (twice) (D:2)
  5 adders
  2 white imps
  A worm (D:2)
  2 dart slugs
  8 orcs
  4 endoplasms
  A giant cockroach (D:1)
  3 goblins
  5 hobgoblins
  2 quokkas
  6 bats
  2 frilled lizards
  2 kobolds
  6 rats
68 creatures vanquished.

Notes
Turn   | Place    | Note
-------+----------+-------------------------------------------
     0 | D:1      | hawla the Meteoran Ice Elementalist began the quest for the
                  | Orb.
     0 | D:1      | Reached XP level 1. HP: 14/14 MP: 5/5
   135 | D:1      | Reached XP level 2. HP: 17/20 MP: 2/6
   183 | D:2      | Found Jetium's Book Emporium.
   285 | D:2      | Reached XP level 3. HP: 22/26 MP: 5/8
   300 | D:2      | Learned a level 3 spell: Frozen Ramparts
   318 | D:2      | Noticed Natasha
   328 | D:2      | Killed Natasha
   329 | D:2      | Reached skill level 5 in Ice Magic
   329 | D:2      | Reached XP level 4. HP: 22/33 MP: 5/10
   344 | D:2      | Learned a level 4 spell: Hailstorm
   407 | D:2      | Noticed Natasha
   414 | D:2      | Killed Natasha
   426 | D:3      | Reached XP level 5. HP: 27/38 MP: 3/11
   722 | D:4      | Reached XP level 6. HP: 17/45 MP: 3/12
   759 | D:4      | Found a basalt altar of Yredelemnul.
   759 | D:4      | Found a radiant altar of Vehumet.
   773 | D:4      | Became a worshipper of Vehumet
   804 | D:5      | Entered Level 5 of the Dungeon
   832 | D:6      | Noticed a water moccasin
   838 | D:6      | Killed a water moccasin
   839 | D:6      | Reached skill level 5 in Conjurations
   839 | D:6      | Reached skill level 1 in Evocations
   955 | D:6      | Reached XP level 7. HP: 50/50 MP: 9/14
  1065 | D:7      | Reached skill level 6 in Ice Magic
  1089 | D:7      | Reached skill level 5 in Spellcasting
  1089 | D:7      | Reached XP level 8. HP: 55/57 MP: 7/16
  1168 | D:7      | Reached skill level 7 in Ice Magic
  1202 | D:7      | Found a staircase to the Ecumenical Temple.
  1323 | D:8      | Reached * piety under Vehumet
  1323 | D:8      | Offered knowledge of Foxfire by Vehumet.
  1449 | D:8      | Found a shimmering blue altar of Sif Muna.
  1508 | D:8      | Mangled by a wight

Illustrated notes

Levels and vault maps discovered:
D:1:      tarquinn_simple_flora_water_e, layout_basic, st_stairs_10,
          minmay_split_cup_small
D:2:      minmay_skewed_foursquare, layout_rooms,
          shapermc_ecumenical_altar_starsandcircs, serial_shops, shop_statue,
          uniq_natasha
D:3:      layout_basic, nicolae_overflow_hidden_temple,
          nicolae_gozag_cash_rules_everything_around_me, uniq_grinder
D:4:      layout_cave_pools, vehumet_crystals, ashenzari_conservatory_becter,
          lemuel_crystal_altar
D:5:      layout_rooms, amcnicky_altar_gilded, kennysheep_generic_room_12
D:6:      layout_basic, uniq_maggie
D:7:      layout_rooms, nemelex_spade_bored_becter, minmay_temple_entry_grid,
          palyth_stone_intersect
D:8:      layout_loops_cross, lemuel_blue_sif_altar,
          chequers_serial_rivers_micro_d, uniq_pikel

Skill      XL: |  1  2  3  4  5  6  7  8 |
---------------+-------------------------+-----
Spellcasting   | 3 4 5 6 |  6.6
Ice Magic      | 5 6 7 |  7.3
Conjurations   | 2 4 5 |  5.2
Dodging        | 3 |  3.6
Evocations     | 1 3 |  3.3
Fighting       | |  0.7
Stealth        | |  1.4

Action                   |  1- 3 |  4- 6 |  7- 9 || total
-------------------------+-------+-------+-------++-------
Melee: Unarmed           |     6 |    14 |    25 ||    45
       Punch             |       |     1 |       ||     1
 Cast: Freeze            |    28 |    29 |    13 ||    70
       Frozen Ramparts   |     1 |    11 |    12 ||    24
       Hailstorm         |       |     2 |    10 ||    12
Evoke: Wand              |       |     6 |    10 ||    16
  Use: Scroll            |       |     6 |     2 ||     8
       Potion            |       |       |     2 ||     2
 Stab: Paralysed         |       |     5 |    12 ||    17
Armor: Robe              |    11 |     7 |     5 ||    23
Dodge: Dodged            |    16 |    24 |    19 ||    59
